 Dungeon Crawl Stone Soup version 0.30-b1-2-g02819fbbbe (webtiles) character file.

Game seed: 14717723187782706127

158 MajorAdolf the Digger (level 5, -5/50 HPs)
             Began as a Naga Wanderer on May 5, 2023.
             Slain by Blork the orc
             ... wielding a +0 glaive
              (7 damage)
             ... on level 4 of the Dungeon.
             The game lasted 00:03:48 (2778 turns).

MajorAdolf the Digger (Naga Wanderer)               Turns: 2778, Time: 00:03:48

Health: -5/50      AC:  3    Str: 13    XL:     5   Next: 40%
Magic:  6/6        EV: 10    Int: 12    God:
Gold:   232        SH:  0    Dex: 14    Spells: 5/6 levels left

rFire   . . .        j - +0 short sword (elec)
rCold   . . .        (no shield)
rNeg    . . .        d - +0 robe
rPois   +            (no helmet)
rElec   .            (no cloak)
rCorr   .            b - +0 pair of gloves
SInv    +            (no barding)
Will    .....        (no amulet)
Stlth   ++           (no ring)
HPRegen 0.28/turn    (no ring)
MPRegen 0.10/turn

%: no passive effects
@: attractive, very slow
A: AC +1, large, see invisible, deformed body, poison resistance, slowness 2,
spit poison 1, naga tail 1
a: Spit Poison


You were on level 4 of the Dungeon.
You visited 1 branch of the dungeon, and saw 5 of its levels.

You collected 232 gold pieces.

Inventory:

Hand Weapons
 a - a +0 falchion
 j - a +0 short sword of electrocution (weapon)
Armour
 b - a +0 pair of gloves (worn)
 d - a +0 robe (worn)
Scrolls
 c - a scroll of teleportation
 e - 3 scrolls of identify {unknown}
 f - a scroll of brand weapon {unknown}
 h - a scroll of silence {unknown}
 l - 2 scrolls of fear {unknown}
 m - a scroll of enchant weapon {unknown}
 n - a scroll of poison {unknown}
 o - a scroll of immolation {unknown}
Potions
 g - a potion of attraction
 i - 2 potions of flight {unknown}
 k - 2 potions of might {unknown}
 p - a potion of brilliance {unknown}
 q - a potion of resistance {unknown}


   Skills:
 + Level 3.9 Fighting
 - Level 1.0 Long Blades
 + Level 1.6 Dodging
 + Level 3.7 Stealth
 - Level 1.0 Spellcasting
 - Level 5.0 Earth Magic
 - Level 1.0 Evocations


You had 5 spell levels left.
You knew the following spells:

 Your Spells              Type           Power      Damage    Failure   Level
a - Sandblast             Erth           24%        2d8       3%          1

Your spell library contained the following spells:

 Spells                   Type           Power      Damage    Failure   Level
 Passwall                 Tmut/Erth      5%         N/A       16%         2
 Sting                    Tmut/Pois      0%         1d3       30%         1
 Poisonous Vapours        Pois/Air       0%         N/A       41%         2
 Leda's Liquefaction      Hex/Erth       3%         N/A       71%         4
 Olgreb's Toxic Radiance  Pois           0%         N/A       96%         4


Dungeon Overview and Level Annotations

Branches:
Dungeon (5/15)
 Temple: D:4-7

Altars:

Annotations:
D:4 Blork the orc


Innate Abilities, Weirdness & Mutations

Your serpentine skin is tough. (AC +1)
You have supernaturally acute eyesight. (SInv)
Armour fits poorly on your strangely shaped body.
Your system is resistant to poisons. (rPois)
You cover ground very slowly.
You can spit poison.
You have a snake-like lower body.


Message History

You closely miss Blork the orc.
Blork the orc is lightly wounded.
Blork the orc misses you.
You hit Blork the orc.
Lightning courses through Blork the orc!
Blork the orc is moderately wounded.
Blork the orc completely misses you.
You closely miss Blork the orc.
Blork the orc is moderately wounded.
Blork the orc hits you with a +0 glaive!
You hit Blork the orc.
Blork the orc is heavily wounded.
Blork the orc closely misses you.
You hit Blork the orc.
Lightning courses through Blork the orc!
Blork the orc is almost dead.
Blork the orc casts a spell.
Blork the orc seems to speed up.
You hit Blork the orc.
Blork the orc is almost dead.
Blork the orc hits you with a +0 glaive!
Blork the orc hits you with a +0 glaive.
You are too injured to fight recklessly!
You barely miss Blork the orc.
You punch Blork the orc, but do no damage.
Blork the orc is almost dead.
Blork the orc hits you with a +0 glaive!
* * * LOW HITPOINT WARNING * * *
You hit Blork the orc but do no damage.
Blork the orc is almost dead.
Blork the orc gestures at you while chanting.
The magic dart hits you!
* * * LOW HITPOINT WARNING * * *
Blork the orc points at you and mumbles some strange words.
The puff of frost misses you.
Okay, then.
It was a potion of attraction.
You feel attractive to monsters.
Blork the orc hits you with a +0 glaive!
You die...

# .####.####
.$....o@.# .#
. #####.##)#
.# . # #†# .#
.# #.# .##.#
#.#####.#..#
#.........#
#####....###
.#
##...##..##
.#
#.##.....##.#


You could see Blork the orc (fast).

Vanquished Creatures
  A jelly (D:5)
  A hound (D:3)
  2 adders
  2 adder zombies (D:4)
  A worm (D:2)
  4 dart slugs
  9 ball pythons
  7 bats
  7 endoplasms
  5 goblins
  8 hobgoblins
  2 jackals (D:1)
  A quokka (D:1)
  5 frilled lizards
  5 kobolds
  7 rats
67 creatures vanquished.

Notes
Turn   | Place    | Note
-------+----------+-------------------------------------------
     0 | D:1      | MajorAdolf the Naga Wanderer began the quest for the Orb.
     0 | D:1      | MajorAdolf set off with the following items: a +0 falchion,
                  | a +0 pair of gloves, a scroll of teleportation, a +0 robe;
                  | and the following spell memorised: Sandblast; and the
                  | following spells available to memorise: Passwall, Leda's
                  | Liquefaction.
     0 | D:1      | Reached XP level 1. HP: 18/18 MP: 2/2
   133 | D:1      | Reached XP level 2. HP: 23/26 MP: 3/3
   429 | D:1      | Reached XP level 3. HP: 21/33 MP: 4/4
   499 | D:1      | Found a faded altar of an unknown god.
  1444 | D:3      | Reached skill level 1 in Dodging
  1444 | D:3      | Reached XP level 4. HP: 18/42 MP: 5/5
  2059 | D:3      | Reached XP level 5. HP: 50/50 MP: 6/6
  2216 | D:4      | Noticed Blork the orc
  2262 | D:4      | Noticed a phantom
  2725 | D:5      | Entered Level 5 of the Dungeon
  2777 | D:4      | HP: 1/50 [Blork the orc/magic dart (8)]
  2778 | D:4      | Slain by Blork the orc

Illustrated notes

Levels and vault maps discovered:
D:1:      giann_horns, layout_rooms, basic_ecumenical_altar,
          minmay_indecisive_spiral
D:2:      layout_basic
D:3:      layout_loops_ring, hangedman_decor_growths, skrybe_limestone_x,
          minmay_misc_feat_doors
D:4:      minmay_chambers_of_fours, layout_basic, zin_statuary,
          elyvilon_altar_5, serial_undead, serial_undead_d, serial_undead_c,
          serial_undead_e, serial_undead_d, minmay_misc_feat_five,
          kennysheep_windowed_goal, uniq_sigmund, uniq_robin, uniq_natasha,
          uniq_edmund, uniq_blork_the_orc
D:5:      layout_layer_cave, mainiacjoe_overflow_alcove_4,
          dancing_weapons_uskayaw, uniq_prince_ribbit1

Skill      XL: |  1  2  3  4 |
---------------+-------------+-----
Fighting       | 2 3 |  3.9
Stealth        | 2 3 |  3.7
Dodging        | 1 |  1.6
Long Blades    | |  1.0
Spellcasting   | |  1.0
Earth Magic    | |  5.0
Evocations     | |  1.0

Action                     |  1- 3 |  4- 6 || total
---------------------------+-------+-------++-------
  Melee: Falchion          |    67 |       ||    67
         Short sword       |    39 |    85 ||   124
         Punch             |       |     1 ||     1
   Cast: Sandblast         |     1 |       ||     1
Ability: Spit Poison       |     8 |     1 ||     9
    Use: Scroll            |       |     1 ||     1
         Potion            |       |     1 ||     1
   Stab: Sleeping          |       |     8 ||     8
 Armour: Robe              |    30 |    28 ||    58
  Dodge: Dodged            |    51 |    46 ||    97
